 Dungeon Crawl Stone Soup version 0.28-a0-1182-g381e24db82 (webtiles) character file.

Game seed: 10964552966282481517

189 ChaosChampion the Insei (level 5, -4/33 HPs)
             Began as an Octopode Transmuter on Dec 17, 2021.
             Splashed by a jelly's acid (5 damage)
             ... on level 3 of the Dungeon.
             The game lasted 00:03:03 (2117 turns).

ChaosChampion the Insei (Octopode Transmuter)       Turns: 2117, Time: 00:03:04

Health: -4/33      AC:  2    Str:  9    XL:     5   Next: 68%
Magic:  5/8        EV: 19    Int: 17    God:
Gold:   39         SH:  0    Dex: 18    Spells: 2/8 levels left

rFire   . . .      SeeInvis .     - Unarmed
rCold   . . .      Faith    .   (shield currently unavailable)
rNeg    . . .      Spirit   .   (helmet currently unavailable)
rPois   x          Reflect  .   (no amulet)
rElec   .          Harm     .   (no ring)
rCorr   .          Rampage  .   (no ring)
Will    .....                   (no ring)
Stlth   ++........              (no ring)
HPRegen 0.11/turn               (no ring)
MPRegen 0.11/turn               (no ring)
                                (no ring)
                                (no ring)

@: spider-form
A: venomous fangs, almost no armour, (amphibious), 8 rings, tiny, (camouflage
1), (gelatinous body 1), (nimble swimmer 1), (tentacles)
a: End Transformation


You were on level 3 of the Dungeon.
You were a venomous arachnid creature.
You visited 1 branch of the dungeon, and saw 4 of its levels.

You collected 39 gold pieces.

Inventory:

Scrolls
 b - a scroll of identify {unknown}
 f - a scroll of summoning {unknown}
Potions
 a - 3 potions of curing {unknown}
 c - a potion of mutation {unknown}
 d - a potion of might {unknown}
 e - a potion of flight {unknown}


   Skills:
 - Level 1.0 Fighting
 - Level 2.0 Dodging
 * Level 5.3 Unarmed Combat
 - Level 2.0 Spellcasting
 + Level 3.6 Transmutations


You had 2 spell levels left.
You knew the following spells:

 Your Spells              Type           Power      Damage    Failure   Level
a - Beastly Appendage     Tmut           26%        N/A       13%         1
b - Wereblood             Tmut           13%        N/A       19%         2
c - Spider Form           Tmut/Pois      7%         N/A       50%         3

Your spell library contained the following spells:

 Spells                   Type           Power      Damage    Failure   Level
 Ice Form                 Ice/Tmut       7%         N/A       85%         4
 Summon Ice Beast         Ice/Summ       1%         N/A       96%         4
 Summon Mana Viper        Hex/Summ       1%         N/A       100%        5
 Monstrous Menagerie      Summ           0%         N/A       100%        7


Dungeon Overview and Level Annotations

Branches:
Dungeon (4/15)
 Temple: D:4-7

Altars:


Innate Abilities, Weirdness & Mutations

You are a venomous arachnid creature.
You have poisonous fangs.
You are tiny and dextrous.
Your spellcasting is less reliable in this form.
Your armour is entirely melded.
You are incapable of wielding weapons or throwing items.
You cannot wear most types of armour.
((You are amphibious.))
You can wear up to eight rings at the same time.
((Your skin changes colour to match your surroundings (Stealth+).))
((Your rubbery body absorbs attacks. (AC +1, EV +1)))
((You are camouflaged near water. (Stealth+)))
((You have tentacles for arms and can constrict up to eight enemies at once.))


Message History

The ogre shouts!
The ogre closely misses you.
You see here a fuming inky potion.
Found 9 gold pieces.
A jelly and a dart slug come into view.
Found a stone staircase leading up.
The dart slug launches a dart at you. The slug dart hits you.
The jelly hits you.
You are splashed with acid!
The dart slug launches a dart at you. The slug dart hits you.
The jelly jiggles.
The dart slug misses you.
An adder comes into view.
Found a stone staircase leading down.
The adder hisses angrily.
There is a stone staircase leading up here.
The jelly misses you. The adder closely misses you.
You climb upwards.
Found a stone staircase leading down.
There is a stone staircase leading down here.
Casting: Beastly Appendage (safe; 4% risk of failure)
Confirm with . or Enter, or press ? or * to list all spells.
The spell is quite dangerous to miscast (28% risk of failure)!
Continue anyway?
You turn into a venomous arachnid creature.
The jelly closely misses you.
You are too injured to fight recklessly!
You are too injured to fight recklessly!
You are too injured to fight recklessly!
You hit the jelly.
The jelly is poisoned.
Your front legs burn!
* * * LOW HITPOINT WARNING * * *
The jelly is moderately wounded.
The jelly closely misses you.
You hit the jelly.
The jelly looks as sick as possible!
Your front legs burn!
* * * LOW HITPOINT WARNING * * *
The jelly is heavily wounded.
The jelly hits you.
* * * LOW HITPOINT WARNING * * *
You are splashed with acid.
You die...

.# # .# ##.
.# #.# . ...
#.#.# ##.#.#
.###....##.#
..>....s...#
.###...J##.#
........#
..###.### .
#. .. .. ##.


You could see a jelly (extremely poisoned).

Vanquished Creatures
  An ogre (D:4)
  A hound (D:4)
  2 gnolls
  2 adders (D:2)
  2 dart slugs (D:2)
  4 ball pythons (D:1)
  2 bats
  3 endoplasms
  3 giant cockroaches
  2 goblins (D:2)
  2 hobgoblins (D:2)
  3 jackals (D:2)
  4 kobolds
  A quokka (D:1)
  2 frilled lizards
  A rat (D:2)
35 creatures vanquished.

Notes
Turn   | Place    | Note
-------+----------+-------------------------------------------
     0 | D:1      | ChaosChampion the Octopode Transmuter began the quest for
                  | the Orb.
     0 | D:1      | Reached XP level 1. HP: 13/13 MP: 3/3
   345 | D:1      | Reached XP level 2. HP: 8/18 MP: 3/5
   736 | D:1      | Learned a level 2 spell: Wereblood
   785 | D:1      | Reached XP level 3. HP: 19/23 MP: 3/6
  1660 | D:2      | Reached skill level 4 in Unarmed Combat
  1673 | D:2      | Reached XP level 4. HP: 15/28 MP: 5/7
  1678 | D:2      | Learned a level 3 spell: Spider Form
  1824 | D:2      | You fall into a shaft and drop 2 floors!
  1827 | D:4      | Noticed a black bear
  1832 | D:4      | Noticed an ogre
  1884 | D:4      | Killed an ogre
  1885 | D:4      | Reached skill level 5 in Unarmed Combat
  1885 | D:4      | Reached XP level 5. HP: 23/33 MP: 3/8
  2085 | D:4      | Noticed an ogre
  2117 | D:3      | HP: 1/33 [jelly (1)]
  2117 | D:3      | Splashed by a jelly's acid

Illustrated notes

Levels and vault maps discovered:
D:1:      evilmike_arrival_hilbert_curve, layout_basic, hex_large,
          lemuel_old_faithful
D:2:      layout_rooms, minmay_tetromino_l2
D:3:      layout_loops_ring, gammafunk_ghost_cemetery,
          chequers_ecumenical_altar_twisty, eino_tiny_chamber
D:4:      layout_loops_ring, nemelex_dance_club_becter

Skill      XL: |  1  2  3  4 |
---------------+-------------+-----
Unarmed Combat | 4 5 |  5.3
Transmutations | 3 |  3.6
Fighting       | |  1.0
Dodging        | |  2.0
Spellcasting   | |  2.0

Action                   |  1- 3 |  4- 6 || total
-------------------------+-------+-------++-------
Melee: Unarmed           |    72 |    22 ||    94
       Constrict         |    17 |     1 ||    18
       Kick              |    15 |     1 ||    16
       Tentacles         |     6 |     1 ||     7
       Punch             |     1 |       ||     1
 Cast: Beastly Appendage |    15 |     1 ||    16
       Wereblood         |     5 |       ||     5
       Spider Form       |       |     3 ||     3
Armor: Skin              |     8 |     1 ||     9
Dodge: Dodged            |    78 |    25 ||   103

Table legend: (Time is in decaauts)
 A = Elapsed time spent in this place.
 B = Non-inter-level travel time spent in this place.
 C = Inter-level travel time spent in this place.
 D = Time resting spent in this place.
 E = Time spent auto-exploring this place.
 F = Levels seen in this place.
 G = Mean time per level.
                   A        B        C        D        E       F      G
               +--------+--------+--------+--------+--------+-----+--------+
         Total |   2110 |   2098 |     12 |    181 |   1571 |   4 |  527.5 |
       Dungeon |   2110 |   2098 |     12 |    181 |   1571 |   4 |  527.5 |
               +--------+--------+--------+--------+--------+-----+--------+

Top non-repeatable levels by time:
     D:1: 1535 daAuts
     D:4: 288 daAuts
     D:2: 284 daAuts
     D:3: 2 daAuts
